 Dungeon Crawl Stone Soup version 0.28.0-45-g0d030f2227 (webtiles) character file.

Game seed: 16674061579499973811

11 Malificent the Skirmisher (level 2, -2/25 HPs)
             Began as a Barachi Abyssal Knight on Apr 22, 2022.
             Was a Follower of Lugonu.
             Slain by a gnoll
             ... wielding a +0 club
              (4 damage)
             ... on level 1 of the Dungeon.
             The game lasted 00:01:15 (595 turns).

Malificent the Skirmisher (Barachi Abyssal Knight)   Turns: 595, Time: 00:01:15

Health: -2/25      AC:  3    Str: 14    XL:     2   Next: 25%
Magic:  3/3        EV: 11    Int: 10    God:    Lugonu [*.....]
Gold:   21         SH:  0    Dex: 12    Spells: 1/1 levels left

rFire   . . .      SeeInvis .   a - +1 falchion
rCold   . . .      Faith    .   (no shield)
rNeg    + . .      Spirit   .   c - +1 robe {rN+}
rPois   .          Reflect  .   (no helmet)
rElec   .          Harm     .   (no cloak)
rCorr   .          Rampage  .   (no gloves)
Will    .....                   (no boots)
Stlth   +.........              (no amulet)
HPRegen 0.08/turn               (no ring)
MPRegen 0.08/turn               (no ring)

@: slow
A: amphibious, slowness 1, strong legs 1, +LOS
a: Hop, Renounce Religion, Depart the Abyss


You were on level 1 of the Dungeon.
You worshipped Lugonu.
Lugonu was aware of your devotion.
You visited 1 branch of the dungeon, and saw 1 of its levels.
You visited the Abyss 1 time.

You collected 21 gold pieces.

Inventory:

Hand Weapons
 a - a +1 falchion (weapon)
Armour
 b - a +0 leather armour
 c - a +1 robe of positive energy (worn)
Scrolls
 d - a scroll of identify {unknown}


   Skills:
 + Level 3.9 Fighting
 + Level 2.8 Long Blades
 + Level 2.6 Armour
 + Level 1.1 Dodging
 + Level 0.1 Stealth
 + Level 1.6 Invocations


You had one spell level left.
You didn't know any spells.
Your spell library was empty.

Dungeon Overview and Level Annotations

Branches:
Dungeon (1/15)

Altars:


Innate Abilities, Weirdness & Mutations

You are amphibious.
You cover ground slowly.
You can hop short distances.
You have an extended range of vision and can be seen from far away.


Message History

A frilled lizard comes into view.
Found a stone staircase leading down.
A gnoll comes into view. It is wielding a +0 club.
The frilled lizard hisses angrily.
The endoplasm hits you but does no damage.
The gnoll shouts!
You hit the endoplasm.
The endoplasm is heavily wounded.
You hear a shout!
The endoplasm freezes you.
You are frozen.
You hit the endoplasm.
You kill the endoplasm!
Lugonu accepts your kill.
The frilled lizard bites you but does no damage.
A goblin comes into view. It is wielding a +0 dagger.
The frilled lizard barely misses you.
You hit the gnoll but do no damage. The gnoll hits you with a +0 club.
The frilled lizard bites you.
You hit the gnoll.
The gnoll is lightly wounded.
The gnoll hits you with a +0 club. The frilled lizard closely misses you.
The gnoll barely misses you. The frilled lizard bites you.
You closely miss the gnoll.
The gnoll is lightly wounded.
The gnoll barely misses you. The frilled lizard barely misses you.
You hit the gnoll.
The gnoll is moderately wounded.
The gnoll misses you.
The frilled lizard bites you but does no damage.
The gnoll barely misses you. The frilled lizard barely misses you.
You see here a frilled lizard corpse.
The frilled lizard bites you.
The frilled lizard unfolds its giant frill.
The gnoll hits you with a +0 club!
* * * LOW HITPOINT WARNING * * *
The frilled lizard barely misses you. The gnoll hits you with a +0 club.
You die...

##'## #.#...###........
#...# ##.#.#.##.........
#...###.##......#####...
#..##'##..#...#.####
#####. #.....###.###.#
##...#.
#######...###.#####......
.. #.>.............
#########l..............
#......@gg.....†........
#.#######........#......
###########.$.## #####


You could see a gnoll, a goblin and a frilled lizard.

Vanquished Creatures
  3 endoplasms (D:1)
  A hobgoblin (D:1)
  A quokka (D:1)
  A ball python (D:1)
  2 frilled lizards (D:1)
  A kobold (D:1)
  2 rats (D:1)
11 creatures vanquished.

Notes
Turn   | Place    | Note
-------+----------+-------------------------------------------
     0 | Abyss:1  | Malificent the Barachi Abyssal Knight began the quest for
                  | the Orb.
     0 | Abyss:1  | Reached XP level 1. HP: 18/18 MP: 2/2
     0 | D:1      | Escaped the Abyss
   143 | D:1      | Reached * piety under Lugonu
   285 | D:1      | Reached XP level 2. HP: 25/25 MP: 3/3
   595 | D:1      | Slain by a gnoll

Illustrated notes

Levels and vault maps discovered:
D:1:      dpeg_arrival_yet_another_circle, layout_rooms,
          minmay_misc_feat_nine_boxes, kennysheep_nondescript,
          minmay_pentomino_p2

Action                   || total
-------------------------++-------
Melee: Falchion          ||    37
       Punch             ||     1
Invok: Depart the Abyss  ||     1
 Stab: Sleeping          ||     1
Armor: Robe              ||    10
Dodge: Dodged            ||    28
